 Dungeon Crawl Stone Soup version 0.27.1-3-gb3d3a73c9e (webtiles) character file.

Game seed: 12768902315498057156

50 MisterFreud the Skirmisher (level 3, -4/36 HPs)
             Began as a Minotaur Abyssal Knight on Oct 14, 2021.
             Was a Believer of Lugonu.
             Killed from afar by Sigmund (5 damage)
             ... with a magic dart
             ... on level 2 of the Dungeon.
             The game lasted 00:01:35 (1375 turns).

MisterFreud the Skirmisher (MiAK)                   Turns: 1375, Time: 00:01:37

Health: -4/36      AC:  3    Str: 17    XL:     3   Next: 55%
Magic:  3/3        EV: 11    Int:  9    God:    Lugonu [**....]
Gold:   84         SH:  0    Dex:  9    Spells: 2/2 levels left

rFire    . . .     SeeInvis .   a - +1 falchion
rCold    . . .     Faith    .   (no shield)
rNeg     . . .     Spirit   .   b - +0 leather armour
rPois    .         Reflect  .   (helmet restricted)
rElec    .         Harm     .   (no cloak)
rCorr    .         Rampage  .   (no gloves)
Will     .....                  (no boots)
Stlth    +.........             (no amulet)
HPRegen  0.12/turn              (no ring)
MPRegen  0.08/turn              (no ring)

@: no status effects
A: horns 2, retaliatory headbutt
a: Renounce Religion, Depart the Abyss, Bend Space


You were on level 2 of the Dungeon.
You worshipped Lugonu.
Lugonu was pleased with you.
You visited 1 branch of the dungeon, and saw 2 of its levels.
You visited the Abyss 1 time.

You collected 84 gold pieces.

Inventory:

Hand Weapons
 a - a +1 falchion (weapon)
Armour
 b - a +0 leather armour (worn)
Scrolls
 e - 2 scrolls of teleportation
Potions
 c - a potion of heal wounds {unknown}
 d - 2 potions of berserk rage {unknown}


   Skills:
 * Level 5.6 Fighting
 - Level 2.4 Long Blades
 - Level 2.4 Armour
 - Level 1.1 Dodging
 - Level 1.7 Invocations


You had 2 spell levels left.
You didn't know any spells.
Your spell library was empty.

Dungeon Overview and Level Annotations

Branches:
Dungeon (2/15)

Altars:

Annotations:
D:2 Sigmund


Innate Abilities, Weirdness & Mutations

You have a pair of horns on your head.
You reflexively headbutt those who attack you in melee.


Message History

You aren't carrying any items that you can evoke.
Unknown command.
As you read the scroll labelled FEDOG PEYKA, it crumbles to dust.
You feel strangely unstable.
It was a scroll of teleportation.
Sigmund gestures wildly while chanting.
Sigmund flickers and vanishes!
Deactivating autopickup; reactivate with Ctrl-A.
You barely miss something. You headbutt something.
Your surroundings suddenly seem different.
You start resting.
HP restored.
Found an escape hatch in the ceiling.
Found a stone staircase leading down.
Sigmund shouts!
Sigmund is nearby!
As you read the scroll labelled XOIZOX ETOCU, it crumbles to dust.
It is a scroll of amnesia.
You feel forgetful for a moment.
Unknown command.
Unknown command.
There is an escape hatch in the ceiling here.
You aren't carrying any items that you can evoke.
Unknown command.
Unknown command.
Sigmund barely misses you. Sigmund hits you with a +0 scythe!
You barely miss Sigmund. You headbutt Sigmund!
Sigmund is moderately wounded.
You barely miss Sigmund.
Sigmund is moderately wounded.
Sigmund hits you with a +0 scythe!
You slash Sigmund!
Sigmund is severely wounded.
Sigmund hits you with a +0 scythe!
* * * LOW HITPOINT WARNING * * *
You closely miss Sigmund.
Sigmund is severely wounded.
Sigmund casts a spell at you. The magic dart hits you.
You die...

#....######.........##
#....###P##.........#
#....# ...#.........#
#.#### #.##.........# ...
# ######.........#
#####>####......#########
.......<...######
#####.....## . #....@#
#....@# #.....# #.....#
.......# .........
........# ........#


You could see Sigmund.

Vanquished Creatures
  A dart slug (D:1)
  4 endoplasms (D:1)
  3 giant cockroaches
  3 goblins
  3 hobgoblins (D:1)
  9 jackals
  2 quokkas (D:1)
  3 ball pythons
  4 bats
  6 frilled lizards
  A kobold (D:1)
  2 rats (D:1)
41 creatures vanquished.

Notes
Turn   | Place    | Note
-------+----------+-------------------------------------------
     0 | Abyss:1  | MisterFreud the Minotaur Abyssal Knight began the quest for
                  | the Orb.
     0 | Abyss:1  | Reached XP level 1. HP: 19/19 MP: 1/1
    16 | D:1      | Escaped the Abyss
   240 | D:1      | Reached skill level 4 in Fighting
   450 | D:1      | Reached XP level 2. HP: 28/28 MP: 2/2
   782 | D:1      | Reached skill level 5 in Fighting
   788 | D:1      | Reached ** piety under Lugonu
   837 | D:1      | Found a faded altar of an unknown god.
   843 | D:1      | Reached XP level 3. HP: 36/36 MP: 3/3
  1272 | D:2      | Noticed Sigmund
  1374 | D:2      | HP: 1/36 [Sigmund (11)]
  1375 | D:2      | Killed from afar by Sigmund

Illustrated notes

Levels and vault maps discovered:
D:1:      saegor_arrival_simple_c, layout_basic, basic_ecumenical_altar
D:2:      layout_basic, serial_aquarium, aquarium_bridge_straight
          [aquarium_subvault_bridge, aquarium_subvault_window,
          aquarium_subvault_bridge, aquarium_subvault_wall], aquarium_window_1,
          aquarium_window_1, aquarium_view_2c, uniq_sigmund

Skill      XL: |  1  2 |
---------------+-------+-----
Fighting       | 4 5 |  5.6
Long Blades    | |  2.4
Armour         | |  2.4
Dodging        | |  1.1
Invocations    | |  1.7

Action                   || total
-------------------------++-------
Melee: Falchion          ||    77
       Headbutt          ||    10
  Use: Scroll            ||     2
Armor: Leather armour    ||    20
Dodge: Dodged            ||    58
       Rpst.: Falchion   ||    18
